[Event "*** Titled Tuesday Blitz"]
[Site "Chess.com"]
[Date "2021.02.09"]
[Round "10"]
[White "korkmaz16"]
[Black "frazier69"]
[Result "0-1"]
[WhiteElo "2409"]
[BlackElo "2519"]
[TimeControl "180+1"]
[EndTime "11:56:17 PST"]
[Termination "frazier69 won on time"]

1. e4 c5 2. Nc3 Nc6 3. f4 g6 4. Nf3 Bg7 5. Bb5 Nd4 6. O-O a6 7. Bd3 d6 8. Nxd4 cxd4 9. Ne2 Nf6 10. b3 Nd7 11. Bb2 Nc5 12. Qe1 e5 13. fxe5 Nxd3 14. cxd3 dxe5 15. Ba3 Be6 16. Qc1 Qa5 17. Qb2 Bf8 18.
Bxf8 Kxf8 19. Nxd4 exd4 20. Qxd4 Kg8 21. Rac1 h5 22.
Rc5 Qd8 23. Qe5 Rc8 24. Rxc8 Qxc8 25. d4 h4 26. d5 Bd7 27. Qe7 Qe8 28. Qd6 h3 29. Rf2 hxg2 30. e5 Bf5 31. d4 Qd7 32.
Qc5 Kg7 33. Rxg2 Rh4 34. d6 Be4 35. Rg3 Rg4 36. Qc3 Qf5 37. d5 Rxg3+ 38. hxg3 Kh7 39. e6 Bxd5 40. d7 Qe4 41. Kf1 Qg2+ 42. Ke1 Bf3 43. Qe5 f6 44. Qe3 Qxg3+ 45. Kd2 Qd6+ 46. Ke1 Qg3+ 47.
Kd2 Qd6+ 48. Kc3 Qc7+ 49. Kb2 Qh2+ 50. Ka3 Qd6+ 51. b4 Bc6 52. e7 Qxd7 53. Qc5 Qe8 54. Qd6 Kg7 55. Qe6 Qd7 0-1

[Event "*** Titled Tuesday Blitz"]
[Site "Chess.com"]
[Date "2021.02.09"]
[Round "10"]
[White "Anton_Demchenko"]
[Black "EugeneRougon"]
[Result "1-0"]
[WhiteElo "2855"]
[BlackElo "2712"]
[TimeControl "180+1"]
[EndTime "11:56:18 PST"]
[Termination "Anton_Demchenko won by resignation"]

1. e4 e6 2. d4 d5 3. Nd2 c5 4. Ngf3 cxd4 5. Nxd4 Nc6 6. Bb5 Bd7 7. Nxc6 bxc6 8. Bd3 Bd6 9. Qe2 e5 10. c4 d4 11. c5 Bxc5 12. Qh5 Qe7 13. Nc4 Bb4+ 14. Bd2 Bxd2+ 15. Kxd2 Be6 16. Qxe5 Qb4+ 17. Kc2 Nf6 18. Qxd4 O-O 19. Qc3 Qc5 20. Ne3 Qb6 21. Rac1 Rfd8 22. Kb1 Rab8 23. Rhd1 h6 24. b3 a5 25. Ka1 a4 26. bxa4 Qa7 27. Bc2 Rxd1 28. Rxd1 Qc7 29.
g3 Qa7 30. f4 Ng4 31. Nxg4 Bxg4 32. Rc1 Qf2 33. Bb3 Bf3 34. Qxc6 Qd4+ 35. Qc3 Qxe4 36. Re1 Qb7 37. a5 Rc8 38. Qd4 Bc6 39. Rc1 Rb8 40. Qc5 Bd7 41. Qd5 Bc6 42. Qxc6 Qe7 43. Qc3 Rd8 44.
Qe5 Qf8 45. Qb2 Ra8 46. Qc3 Kh8 47. Qc4 Qe7 48. Qxf7 Qe3 49. Qc4 Rxa5 50. Qc8+ Kh7 51. Bc2+ g6 52. Qc7+ Kh8 53. Bb3 Qd4+ 54. Qc3 Qxc3+ 55.
Rxc3 1-0

[Event "*** Titled Tuesday Blitz"]
[Site "Chess.com"]
[Date "2021.02.09"]
[Round "10"]
[White "Pogosian_Manvel"]
[Black "Stormeman100100"]
[Result "0-1"]
[WhiteElo "2403"]
[BlackElo "2538"]
[TimeControl "180+1"]
[EndTime "11:56:18 PST"]
[Termination "Stormeman100100 won by checkmate"]

1. d4 Nf6 2. Nf3 d5 3. c4 e6 4.
Nc3 Bb4 5. Bg5 h6 6. Bxf6 Qxf6 7. e3 O-O 8. Be2 dxc4 9. Bxc4 c5 10. O-O cxd4 11. Nxd4 Bd7 12. Qb3 Bxc3 13. Qxc3 Nc6 14.
Nxc6 Bxc6 15. Qxf6 gxf6 16. Rfd1 Rfd8 17. f3 Kf8 18.
Kf2 Ke7 19. Rac1 Rac8 20. Bb3 Rxd1 21. Rxd1 Bb5 22. Kg3 a5 23. Rd4 Rc1 24. Rd1 Rc5 25.
Rd4 Bc6 26. Bd1 b5 27. a3 Rc1 28. Rd2 Bd5 29. Kh4 Kf8 30. e4 Bc4 31. Kh5 Kg7 32.
g4 e5 33. Kh4 Kg6 34. Kg3 Be6 35. Rd8 b4 36. axb4 axb4 37. h4 Rb1 38. h5+ Kg7 39.
Rd2 Rc1 40. Kf2 b3 41. Ke3 Bc4 42. Rd7 Rb1 43. Rd2 Ra1 44. Rd6 Kf8 45. Kd2 Ke7 46. Rb6 Rb1 47. Rb7+ Kd6 48. Kc3 Rc1+ 49. Kb4 Be6 50. Bxb3 Rf1 51. Bxe6 fxe6 52. Rb6+ Kd7 53. Rb7+ Kc6 54. Rh7 Rxf3 55. Rxh6 Rf4 56. Rg6 Rxe4+ 57. Ka5 Re2 58. b4 Ra2# 0-1

[Event "*** Titled Tuesday Blitz"]
[Site "Chess.com"]
[Date "2021.02.09"]
[Round "10"]
[White "Kislov_Oleg"]
[Black "esrosenberg"]
[Result "1-0"]
[WhiteElo "2496"]
[BlackElo "2101"]
[TimeControl "180+1"]
[EndTime "11:56:18 PST"]
[Termination "Kislov_Oleg won on time"]

1. e4 e6 2. d4 d5 3. Nc3 Bb4 4. exd5 exd5 5. Bd3 Nf6 6. Ne2 O-O 7. O-O Bg4 8. Bg5 c6 9. Qd2 Nbd7 10. Ng3 Re8 11. h3 Be6 12. f4 Qc7 13. Rf3 Ne4 14. Ngxe4 dxe4 15. Bxe4 h6 16. Bxh6 gxh6 17. f5 Nf6 18. fxe6 Nxe4 19. Qxh6 Rxe6 20. Qh4 Nxc3 21. bxc3 Bf8 22.
Raf1 Rg6 23. Rxf7 Qxf7 24. Rxf7 Kxf7 25. Qf4+ Rf6 26. Qc7+ Be7 27. Qxb7 Rg8 28. Qxa7 Rfg6 29. g4 Kf8 30. Qd7 Rd6 31. Qf5+ Ke8 32. Qc8+ Kf7 33.
Qf5+ Ke8 34. a4 Rf8 35. Qe4 Kd7 36. a5 Rdf6 37. Qd3 Rf2 38. a6 Bd6 39. a7 Bh2+ 40. Kh1 Bd6 41. Qh7+ R8f7 42. Qxf7+ Rxf7 43. a8=Q Rf1+ 44. Kg2 Rc1 45. Qb7+ Bc7 46. Qb3 Re1 47.
Kf3 Re7 48. Qc4 Bd6 49. Qd3 Rf7+ 50. Kg2 Re7 51. Qf5+ Kc7 52. c4 Re2+ 53. Kf3 Re1 54. Kf2 Rh1 55. g5 Rh2+ 56. Ke3 1-0

[Event "*** Titled Tuesday Blitz"]
[Site "Chess.com"]
[Date "2021.02.09"]
[Round "10"]
[White "champ2005"]
[Black "chessdjw"]
[Result "1-0"]
[WhiteElo "3006"]
[BlackElo "2660"]
[TimeControl "180+1"]
[EndTime "11:56:19 PST"]
[Termination "champ2005 won by checkmate"]

1. c4 c5 2. Nc3 Nf6 3. g3 e6 4. Nf3 d5 5. d4 dxc4 6. Bg2 Nc6 7.
Qa4 cxd4 8. Nxd4 Qxd4 9. Bxc6+ Bd7 10. Be3 Bxc6 11. Qxc6+ bxc6 12. Bxd4 Be7 13. Rc1 c5 14. Be5 Ng4 15. Bxg7 Rg8 16. h3 Nxf2 17. Kxf2 Rxg7 18.
Nd1 Rd8 19. Rxc4 Rd4 20. Rc2 h5 21. Nc3 Bd6 22. Rg1 a6 23. e3 Rb4 24. a3 Rb6 25. Ne4 Be7 26. Nd2 f5 27. Nc4 Rb3 28. Rd2 Rg8 29. Kf3 Rg7 30. Rgg2 Rg6 31. g4 hxg4+ 32.
hxg4 Rxg4 33. Rxg4 fxg4+ 34. Kxg4 Kf7 35. Kf3 Kf6 36. Ke4 Rb7 37. Rf2+ Kg7 38. Rg2+ Kf7 39. Ne5+ Kf8 40. Rf2+ Ke8 41. Nc4 Kd7 42. Ke5 Rb3 43. Rd2+ Kc7 44. Kxe6 Bg5 45. Rd7+ Kb8 46. e4 Bc1 47.
Rd1 Be3 48. e5 Bd4 49. Kd5 Rf3 50. e6 Rf2 51. Rh1 Re2 52. Rh7 Kc8 53. Nd6+ Kb8 54. e7 Re5+ 55. Kc6 c4 56. e8=Q+ Rxe8 57. Nxe8 Bxb2 58. Nd6 c3 59. Rh8+ Ka7 60. Nc8+ Kb8 61. Nb6+ Ka7 62. Ra8# 1-0

[Event "*** Titled Tuesday Blitz"]
[Site "Chess.com"]
[Date "2021.02.09"]
[Round "10"]
[White "Ghost_Pepper"]
[Black "kidagent"]
[Result "0-1"]
[WhiteElo "2386"]
[BlackElo "2295"]
[TimeControl "180+1"]
[EndTime "11:56:21 PST"]
[Termination "kidagent won by checkmate"]

1. e4 c5 2. Nf3 d6 3. d4 cxd4 4. Nxd4 Nf6 5. Nc3 a6 6. h3 e5 7. Nde2 b5 8. g4 Bb7 9. Bg2 b4 10. Nd5 Nxd5 11. exd5 Be7 12. O-O O-O 13. a3 a5 14.
axb4 axb4 15. Rxa8 Bxa8 16. Kh2 f5 17. gxf5 Rxf5 18. Ng3 Rf8 19. Qg4 Nd7 20. Qxb4 Nf6 21. Be3 Qc7 22. c4 g6 23. Qc3 Rb8 24. f4 Nd7 25. f5 Bf6 26. fxg6 hxg6 27. Ne4 Bg7 28. Bg1 Bb7 29. Qg3 Nf8 30. b3 Bc8 31. Ng5 Bf5 32.
Be4 Qd7 33. Bxf5 gxf5 34. Qh4 Bf6 35. Qh6 Qg7 36. Qxg7+ Kxg7 37. Ne6+ Nxe6 38. dxe6 Rxb3 39. Rxf5 Rc3 40. c5 dxc5 41. Rf2 Bg5 42. Rg2 Kf6 43. Kh1 Bf4 44. Ra2 Rxh3+ 45. Kg2 Rg3+ 46. Kf2 Kxe6 47. Ra6+ Kf5 48. Rc6 Rc3 49. Kf1 Rc1+ 50. Kg2 c4 51. Bc5 c3 52. Ba3 Rc2+ 53. Kf3 Ra2 54. Bb4 c2 55. Rc5 c1=Q 56. Rxc1 Bxc1 57. Bd2 Bxd2 58. Kg3 Ra3+ 59. Kf2 Bf4 60. Ke2 Ke4 61.
Kf2 Ra2+ 62. Kf1 Kf3 63. Kg1 Ra1# 0-1

[Event "*** Titled Tuesday Blitz"]
[Site "Chess.com"]
[Date "2021.02.09"]
[Round "10"]
[White "mikolka1985"]
[Black "FlySooHigh"]
[Result "1/2-1/2"]
[WhiteElo "2603"]
[BlackElo "2596"]
[TimeControl "180+1"]
[EndTime "11:56:22 PST"]
[Termination "Game drawn - insufficient material"]

1. d4 Nf6 2. c4 c5 3. d5 b5 4.
cxb5 a6 5. bxa6 g6 6. Nc3 Bg7 7. e4 O-O 8. a7 Rxa7 9. Nf3 Qa5 10. Bd2 Ra8 11. Be2 Ba6 12. O-O d6 13. a4 Bxe2 14.
Qxe2 Qa6 15. Nb5 Nbd7 16. Bc3 Rfb8 17. Nd2 Ne8 18. Bxg7 Kxg7 19. Rfe1 Qb7 20. Nc4 Nc7 21. Nxc7 Qxc7 22. a5 Rb4 23. h3 Qb7 24. Qc2 f6 25.
Ra3 Qb5 26. Rc1 Ne5 27. b3 Ra6 28. f4 Nxc4 29. bxc4 Qb8 30. Qc3 Rb2 31. e5 Qb4 32. exf6+ exf6 33. f5 Qxc3 34. Rcxc3 gxf5 35. Re3 Kf7 36. Rf3 Rb4 37. Rxf5 Rxc4 38. Raf3 Rxa5 39. Rxf6+ Kg7 40.
Rf7+ Kg6 41. R3f6+ Kg5 42. Rf5+ Kg6 43. R7f6+ Kg7 44.
Rxd6 Rd4 45. h4 Rxh4 46. Rd7+ Kg6 47. Rdf7 Ra2 48. R5f6+ Kg5 49. Rf3 Ra1+ 50. Kf2 Ra2+ 51. Kg1 Ra1+ 52. Kf2 Ra2+ 53. Ke3 Ra3+ 54. Kd2 Rd4+ 55.
Kc2 Rxf3 56. gxf3 Rxd5 57. Rxh7 Kf4 58. Rf7+ Ke3 59. Kc3 Rd1 60. Kc4 Rf1 61. Re7+ Kxf3 62. Rf7+ Kg2 63. Rxf1 Kxf1 64. Kxc5 1/2-1/2

[Event "*** Titled Tuesday Blitz"]
[Site "Chess.com"]
[Date "2021.02.09"]
[Round "10"]
[White "J36225"]
[Black "AniJak"]
[Result "1-0"]
[WhiteElo "2476"]
[BlackElo "2326"]
[TimeControl "180+1"]
[EndTime "11:56:23 PST"]
[Termination "J36225 won on time"]

1. e4 c5 2. Nf3 e6 3. d4 cxd4 4. Nxd4 a6 5. c4 Qc7 6. Nc3 Nf6 7. Qd3 Nc6 8. Nxc6 dxc6 9. f3 e5 10. Be3 Be6 11. O-O-O Be7 12. Kb1 b5 13. Qc2 bxc4 14. Qa4 O-O 15. Bxc4 Bxc4 16. Qxc4 Rab8 17. Rd2 Bb4 18.
Rhd1 Qa5 19. Ka1 Be7 20. b3 Rb4 21. Qd3 Rxb3 22. Rc2 Rd8 23. Qc4 Rxd1+ 24. Nxd1 Rb8 25. Qxc6 h6 26. Qc3 Bb4 27. Qc7 Qxc7 28. Rxc7 Rd8 29. Nb2 a5 30. Kb1 Ne8 31. Rc1 Ba3 32. Rd1 Rb8 33.
Bc1 Nd6 34. Kc2 Rc8+ 35. Kb3 Bb4 36. Bd2 Bxd2 37. Rxd2 Nb5 38. Nc4 Nd4+ 39. Kc3 f6 40. Kd3 a4 41. Rb2 Rd8 42. Ke3 Rc8 43. Nd6 Rc3+ 44.
Kd2 Ra3 45. Nc4 Nxf3+ 46. gxf3 Rxf3 47. Ne3 Rf2+ 48. Kc3 Rf4 49. Kd3 Rh4 50. Nf5 Rh3+ 51. Kc4 g6 52. Rb8+ Kf7 53. Rb7+ Kf8 54. Nd6 Rxh2 55.
Kd5 1-0

[Event "*** Titled Tuesday Blitz"]
[Site "Chess.com"]
[Date "2021.02.09"]
[Round "10"]
[White "Akhayan"]
[Black "Noam_Vitenberg"]
[Result "0-1"]
[WhiteElo "2300"]
[BlackElo "2412"]
[TimeControl "180+1"]
[EndTime "11:56:23 PST"]
[Termination "Noam_Vitenberg won by resignation"]

1. d4 e6 2. Nf3 b6 3. Bg5 Be7 4.
Bxe7 Nxe7 5. e4 Bb7 6. Nc3 O-O 7. Bd3 d6 8. Qe2 Nd7 9. e5 dxe5 10. dxe5 Nc5 11.
O-O-O Nxd3+ 12. Rxd3 Qe8 13. Ng5 h6 14. Qh5 Ng6 15.
Nge4 Nf4 16. Qg4 Nxd3+ 17. cxd3 Kh8 18. Re1 Bxe4 19. Nxe4 Qa4 20. Re3 Qd4 21. Qf4 f5 22. exf6 Rxf6 23. Qg4 Rxf2 24. Re2 Rxe2 25. Qxe2 Rd8 26.
Kc2 c5 27. Nc3 e5 28. b3 Rf8 29. Ne4 b5 30. Qg4 c4 31. bxc4 bxc4 32. Qh3 cxd3+ 33.
Qxd3 Rc8+ 34. Kd2 Rd8 35. Qxd4 Rxd4+ 36. Ke3 Ra4 37. Nc3 Ra3 38. Kd3 e4+ 39. Kc4 e3 40.
Kb4 e2 41. Kxa3 e1=Q 42. Kb3 Qf2 43. a4 Qxg2 44. Kb4 Qxh2 45. a5 Qb8+ 46. Nb5 Qa8 47. Kc5 Qc8+ 48. Kb4 Qb7 49. Kc4 Qa6 50. Kc5 Qxa5 51.
Kc6 a6 52. Nc7 Qc3+ 53. Kd7 Qd2+ 54. Ke7 Qe2+ 55. Ne6 Kh7 56. Kf7 Qf3+ 57. Ke7 Qb7+ 58. Ke8 Kg6 59. Nf8+ Kg5 60. Nd7 Kh4 61. Ke7 Qxd7+ 62.
Kxd7 a5 0-1

[Event "*** Titled Tuesday Blitz"]
[Site "Chess.com"]
[Date "2021.02.09"]
[Round "10"]
[White "Supernotar"]
[Black "Alexander_Zubov"]
[Result "0-1"]
[WhiteElo "2805"]
[BlackElo "2974"]
[TimeControl "180+1"]
[EndTime "11:56:28 PST"]
[Termination "Alexander_Zubov won by resignation"]

1. d4 Nf6 2. c4 g6 3. Nc3 d5 4.
cxd5 Nxd5 5. e4 Nxc3 6. bxc3 Bg7 7. Nf3 c5 8. Be3 Qa5 9. Qd2 O-O 10. Rc1 Rd8 11. d5 Nc6 12. Be2 e6 13. O-O exd5 14. exd5 Ne7 15. c4 Qxd2 16. Nxd2 b6 17. Bg5 f6 18.
Bf4 Nf5 19. Rfe1 Bd7 20. Bd3 Re8 21. Kf1 g5 22. Bc7 Bf8 23. Rxe8 Rxe8 24. Re1 Rc8 25. Bg3 h5 26. Ne4 Kf7 27. h3 a6 28. Bh2 b5 29.
cxb5 axb5 30. Be2 Kg6 31. Bxh5+ Kg7 32. Bg4 c4 33. Rc1 Ra8 34. d6 Bc8 35. Rd1 Ra7 36.
Bxf5 Bxf5 37. Nc5 c3 38. g4 c2 39. Rc1 Bg6 40. Ke2 Kf7 41. d7 Be7 42. f4 gxf4 43.
Bxf4 Rxa2 44. h4 b4 45. h5 Bh7 46. Kd2 Ra8 47. Bc7 Bd8 48. Bd6 Be7 49. Bc7 Bd8 50. Bd6 Ra7 51. g5 fxg5 52. h6 Kg6 53. Rf1 Kxh6 54.
Rf8 Ra1 55. Nb3 Rd1+ 56. Ke2 Rxd6 57. Rxd8 Rd1 58. Rc8 Rxd7 59. Rc6+ Kh5 60. Rc4 Bd3+ 0-1

[Event "*** Titled Tuesday Blitz"]
[Site "Chess.com"]
[Date "2021.02.09"]
[Round "10"]
[White "DinaBelenkaya"]
[Black "Yaryi_sergey"]
[Result "0-1"]
[WhiteElo "2347"]
[BlackElo "2481"]
[TimeControl "180+1"]
[EndTime "11:56:30 PST"]
[Termination "Yaryi_sergey won on time"]

1. e4 c6 2. d3 g6 3. Nd2 Bg7 4. g3 Na6 5. Bg2 Nc7 6. f4 d5 7. e5 h5 8. Ngf3 Nh6 9. Nb3 Ne6 10.
Be3 Ng4 11. Bg1 a5 12. Nbd4 b6 13. Nxe6 Bxe6 14. Ng5 Bf5 15. h3 Nh6 16. Qe2 O-O 17. Bf2 f6 18. Nf3 Nf7 19. e6 Nh6 20. Nd4 c5 21.
Nb5 d4 22. Bxa8 Qxa8 23. O-O-O Qd5 24. c4 dxc3 25. Nxc3 Qxe6 26. Qxe6+ Bxe6 27. d4 cxd4 28. Bxd4 Nf5 29. Bxb6 Nxg3 30. Rhe1 Kf7 31. Rd3 h4 32. Nd5 Bh6 33. Bxa5 Rc8+ 34. Bc3 Bxd5 35. Rxd5 Bxf4+ 36.
Kc2 Nf5 37. Rd3 e5 38. a4 g5 39. a5 Nd4+ 40. Kb1 Nb5 41. Bb4 Rc4 42. Rd7+ Ke6 43. Bd2 e4 44. Rd8 Bc7 45. Re8+ Kf5 46. Rc8 Nd6 47. Rf8 Ke6 48. Rf1 f5 49. Rg8 e3 50. Bxe3 g4 51. Bg5 gxh3 52. Rg6+ Kd5 53. Rf6 Bxa5 54. Rd1+ Ke4 55. Rfxd6 h2 56. Re6+ Kf3 57.
Re3+ Kg4 58. Bh6 Bc7 59. Re2 Bg3 60. Be3 f4 61. Bf2 f3 62. Red2 Bf4 63. b3 Rb4 64. Rd3 Bg3 65. Bc5 Re4 66. b4 Re2 67. b5 f2 68.
Bxf2 Bxf2 69. Rb3 Bg1 70. b6 h1=Q 71. Rb4+ Kh3 72. b7 Re8 73. Rb3+ Kg4 74. Rb4+ Kh5 75.
Rb5+ Kg6 0-1

[Event "*** Titled Tuesday Blitz"]
[Site "Chess.com"]
[Date "2021.02.09"]
[Round "10"]
[White "Chandradi"]
[Black "The_Machine04"]
[Result "0-1"]
[WhiteElo "2325"]
[BlackElo "2462"]
[TimeControl "180+1"]
[EndTime "11:56:31 PST"]
[Termination "The_Machine04 won by resignation"]

1. c4 e6 2. Nf3 Nf6 3. b3 d5 4. e3 Be7 5. Bb2 O-O 6. Be2 c5 7.
O-O Nc6 8. cxd5 exd5 9. d4 cxd4 10. Nxd4 Be6 11. Nxe6 fxe6 12. Nc3 Rc8 13. Nb5 a6 14. Nd4 Nxd4 15. Qxd4 Bc5 16. Qd3 Qe8 17. h3 Be7 18. Rac1 Qg6 19. Rxc8 Rxc8 20. Qxg6 hxg6 21. Rc1 Rxc1+ 22. Bxc1 Kf7 23. f3 Nd7 24. Bd3 e5 25.
Kf2 Nc5 26. Bc2 b5 27. b4 Nd7 28. Bb3 Ke6 29. e4 Nb6 30. exd5+ Nxd5 31. a3 Kd6 32. g3 Bd8 33. h4 Bb6+ 34. Ke2 Ne7 35. g4 Nc6 36.
Bf7 Bd8 37. g5 Nd4+ 38. Kf2 Nf5 39. Bxg6 Nxh4 40. Be4 g6 41. Be3 Nf5 42. Bc5+ Ke6 43. Bb7 Bxg5 44. Bxa6 Bc1 45. Bxb5 Bxa3 46. Bc4+ Kf6 47.
Ke2 Nd4+ 48. Kd3 Nxf3 49. Kc3 e4 50. Kb3 Bc1 51. b5 Bf4 52. b6 Nd2+ 53. Kc3 Nxc4 54.
Kxc4 Kf5 55. Kd5 e3 56. b7 e2 57. Bf2 Kg4 58. Kd4 Kf3 59. Be1 g5 60. Kd3 g4 61.
Bd2 Bb8 62. Be1 g3 63. Bxg3 Bxg3 64. b8=Q Bxb8 0-1

[Event "*** Titled Tuesday Blitz"]
[Site "Chess.com"]
[Date "2021.02.09"]
[Round "10"]
[White "PowerThinking2650"]
[Black "Darius321"]
[Result "1-0"]
[WhiteElo "2409"]
[BlackElo "2283"]
[TimeControl "180+1"]
[EndTime "11:56:31 PST"]
[Termination "PowerThinking2650 won by resignation"]

1. e4 c5 2. Nf3 g6 3. d4 cxd4 4.
Nxd4 Bg7 5. c4 Nc6 6. Be3 Nf6 7. Nc3 Qa5 8. Nb3 Qd8 9. Be2 O-O 10. O-O d6 11. Nd4 Nxd4 12. Bxd4 Be6 13. f4 a6 14. f5 Bd7 15. Qd2 Rc8 16. g4 Bc6 17. g5 Nd7 18. fxg6 hxg6 19. Bg4 e6 20. Bxg7 Kxg7 21. Rf2 Ne5 22.
Be2 Rh8 23. Raf1 Rh4 24. Rf6 Qb6+ 25. R1f2 Rch8 26. Qxd6 Rxh2 27. Qxe5 Rh1+ 28. Kg2 R8h2+ 29. Qxh2 Rxh2+ 30. Kxh2 Be8 31. Bg4 Qc5 32. Nd5 exd5 33. cxd5 Qd4 34. d6 Qe5+ 35. Kh3 Qxg5 36. d7 Bxd7 37. Rxf7+ Kh6 38. Rxd7 Qe3+ 39. Rf3 Qxe4 40. Rdd3 Qe5 41. Rf2 Qe4 42. Rg3 Qe5 43. Kg2 Qe4+ 44. Bf3 Qe5 45. Bxb7 Qe6 46. Bf3 Qe5 47. Re2 Qf4 48.
Rg4 Qf5 49. Ree4 Qf6 50. Be2 Qxb2 51. Rh4+ Kg5 52. Reg4+ Kf6 53. Rf4+ Kg7 54. Re4 Qxa2 55. Rhg4 Kf6 56. Rgf4+ Kg7 57. Rf2 Qd5 58. Bf3 Qg5+ 59. Rg4 Qe5 60. Be4 Qd6 61. Rxg6+ Qxg6+ 62. Bxg6 Kxg6 63.
Kf3 Kf5 64. Ra2 Ke5 65. Rxa6 1-0

[Event "*** Titled Tuesday Blitz"]
[Site "Chess.com"]
[Date "2021.02.09"]
[Round "10"]
[White "agartha01"]
[Black "NiranjanNavalgund"]
[Result "1-0"]
[WhiteElo "2383"]
[BlackElo "2498"]
[TimeControl "180+1"]
[EndTime "11:56:32 PST"]
[Termination "agartha01 won by resignation"]

1. d4 Nf6 2. Bf4 g6 3. e3 Bg7 4. Nf3 O-O 5. c3 d6 6. Nbd2 Nfd7 7. h3 e5 8. Bh2 f5 9. Bc4+ Kh8 10. dxe5 Nxe5 11.
Nxe5 Bxe5 12. Bxe5+ dxe5 13. Nf3 Nc6 14. Qxd8 Rxd8 15.
e4 Kg7 16. Ke2 h6 17. Rhd1 Rxd1 18. Rxd1 fxe4 19. Nd2 e3 20. Kxe3 Bf5 21. g4 Bd7 22. Ne4 Be8 23. Nc5 Kf6 24. Nxb7 Rb8 25. Nc5 Rxb2 26.
Bb3 Na5 27. Nd3 Rxb3 28. axb3 Nxb3 29. Rb1 Bf7 30. Nc1 Nc5 31. Rb8 Ke7 32. Nd3 Nd7 33.
Rb7 Kd6 34. Rxa7 Nb6 35. Ra1 Bc4 36. Rd1 Bb3 37. Rb1 Nc4+ 38. Ke2 Bc2 39. Rc1 Bb3 40. f4 e4 41. Nf2 Kd5 42. Rb1 Bc2 43. Rb5+ c5 44.
Rb8 Nd6 45. Rh8 Ba4 46. Rxh6 Bb5+ 47. Ke1 e3 48. Nd1 Ke4 49. Rxg6 Nc4 50. f5 Ne5 51. Re6 Kf4 52. Rxe5 Kxe5 53. Nxe3 Kf4 54. Kf2 Bd3 55. h4 c4 56. g5 Ke5 57. f6 Bg6 58. Nf1 Kf4 59. Ng3 Kg4 60. h5 Kxg5 61. hxg6 Kxf6 62. Ne4+ Kxg6 63. Ke3 Kf5 64. Kd4 Kf4 65. Nd2 Kf5 66. Nxc4 Ke6 67. Kc5 Kd7 68. Ne5+ Kc7 69. c4 Kb7 70. Kd6 Kb6 71. c5+ Kb7 72. Kd7 Kb8 73.
c6 Ka7 74. Nf3 Kb6 75. c7 Ka7 76. c8=Q Kb6 77. Qc4 1-0

[Event "*** Titled Tuesday Blitz"]
[Site "Chess.com"]
[Date "2021.02.09"]
[Round "10"]
[White "politeplayer"]
[Black "bsnsun"]
[Result "0-1"]
[WhiteElo "2214"]
[BlackElo "2448"]
[TimeControl "180+1"]
[EndTime "11:56:32 PST"]
[Termination "bsnsun won on time"]

1. e4 c5 2. c3 d5 3. exd5 Qxd5 4. d4 Nf6 5. Nf3 Nc6 6. dxc5 Qxd1+ 7. Kxd1 e5 8. b4 Bg4 9. Kc2 Bf5+ 10. Kb2 a5 11. Bb5 e4 12. Nd4 Bd7 13. Bxc6 bxc6 14. b5 cxb5 15.
c6 Be6 16. Nxb5 Rc8 17. c7 Bc4 18. N1a3 Bxa3+ 19. Nxa3 Rxc7 20. Nxc4 Rxc4 21. Bg5 O-O 22. Bxf6 gxf6 23. Rac1 Rb8+ 24. Ka1 Rbc8 25. Kb2 a4 26.
Rhd1 Rb8+ 27. Ka1 a3 28. Rc2 Kg7 29. Rd4 Rbc8 30. Rxc4 Rxc4 31. Kb1 f5 32. g3 Kf6 33. Kc1 Ke5 34. Kd2 Rc6 35. c4 Kd4 36. Rc3 Rxc4 37. Rxa3 Rb4 38. Rb3 Ra4 39. a3 Ra5 40. Rb4+ Kc5 41. Rb7 Rxa3 42. Rxf7 Rf3 43. Ke2 Kd5 44.
Rxh7 Ke5 45. h4 Ra3 46. h5 Ra2+ 47. Kf1 Kf6 48. Rh8 Kg5 49. h6 Kg4 50. h7 Kf3 51. Ke1 Ra1+ 52. Kd2 Ra2+ 53. Kc3 Ra7 54. Kd4 Kxf2 55.
Ke5 e3 56. Kxf5 Re7 57. Rf8 e2 58. Kg6+ Kg2 59. h8=Q e1=Q 60. Qb2+ Re2 0-1

[Event "*** Titled Tuesday Blitz"]
[Site "Chess.com"]
[Date "2021.02.09"]
[Round "10"]
[White "Jungle_Jaguar"]
[Black "djano"]
[Result "1-0"]
[WhiteElo "2640"]
[BlackElo "2473"]
[TimeControl "180+1"]
[EndTime "11:56:35 PST"]
[Termination "Jungle_Jaguar won on time"]

1. b3 c5 2. Bb2 d6 3. Nf3 e5 4.
e3 Nf6 5. d4 e4 6. Nfd2 cxd4 7. Bxd4 Nc6 8. Bb2 d5 9. Be2 Bd6 10. O-O Qc7 11. h3 Be5 12. Nc3 Be6 13.
Nb5 Qb8 14. Bxe5 Qxe5 15. Qc1 a6 16. Qa3 Rd8 17. Nd4 Nxd4 18. exd4 Qxd4 19. Rad1 Qc3 20.
Rfe1 Rc8 21. Qd6 Qc7 22. Qb4 Qc5 23. Qxb7 O-O 24. c4 Rc7 25. Qxa6 d4 26. Qb5 Qa7 27. Qe5 Re8 28. Nxe4 Nxe4 29. Qxe4 Qxa2 30. Bd3 g6 31.
Qxd4 Qxb3 32. Qe5 Rcc8 33. c5 Rcd8 34. Be2 Bd7 35. Qf6 Qb8 36. Bf3 Rxe1+ 37. Rxe1 Rc8 38.
c6 Be6 39. Rxe6 fxe6 40. Qxe6+ Kg7 41. Qe7+ Kh6 42. Qh4+ Kg7 43. Qd4+ Kh6 44. g4 Rf8 45. Kg2 Qc7 46. h4 g5 47. hxg5+ Kxg5 48. Qd5+ Kg6 49. Qh5+ Kg7 50. Be4 Kh8 51. Qd5 Qg7 52. Bf5 h5 53. Qf3 hxg4 54. Qxg4 Qxg4+ 55. Bxg4 Rf7 56. Bd7 1-0

[Event "*** Titled Tuesday Blitz"]
[Site "Chess.com"]
[Date "2021.02.09"]
[Round "10"]
[White "Sokoloco"]
[Black "kakorrhaphiophobie"]
[Result "0-1"]
[WhiteElo "2442"]
[BlackElo "2341"]
[TimeControl "180+1"]
[EndTime "11:56:36 PST"]
[Termination "kakorrhaphiophobie won by resignation"]

1. b3 d5 2. Bb2 Bg4 3. h3 Bh5 4. g4 Bg6 5. Nf3 e6 6. Bg2 c6 7. Ne5 Ne7 8. O-O Nd7 9. Nxg6 Nxg6 10. f4 Qc7 11. e3 h5 12. g5 Nh4 13. c4 Nxg2 14.
Kxg2 h4 15. cxd5 exd5 16. Nc3 O-O-O 17. Rc1 Qd6 18. Nb5 Qe6 19. Qf3 Kb8 20. f5 Qe4 21. Qxe4 dxe4 22. Nc3 Rh5 23. Nxe4 Re8 24. Rf4 Ne5 25.
Bxe5+ Rxe5 26. Kf3 Ba3 27. Rc3 Rh7 28. Rd3 Kc7 29.
g6 fxg6 30. fxg6 Rh6 31. Rf7+ Re7 32. b4 Bxb4 33. Rb3 Rxf7+ 34. gxf7 Be7 35. Rb1 Rh5 36. Kg4 Rh8 37. Rf1 Rf8 38. Kh5 a5 39. Kg6 a4 40.
Kxg7 b5 41. Ng5 Kb6 42. Ne6 Rc8 43. f8=Q Bxf8+ 44. Nxf8 b4 45. Ne6 c5 46. Rb1 Kb5 47. d3 Re8 48. Kf6 Rg8 49. Ng5 Rd8 50. d4 c4 51. Ne6 Rc8 52. Ke5 c3 53. d5 Kc4 54.
Nd4 Re8+ 55. Ne6 b3 56. d6 c2 57. Rc1 Kc3 58. d7 Ra8 59. Kd6 b2 60. Rxc2+ Kxc2 61. Nd4+ Kc1 62. Ne2+ Kd2 0-1

[Event "*** Titled Tuesday Blitz"]
[Site "Chess.com"]
[Date "2021.02.09"]
[Round "10"]
[White "Pintacara"]
[Black "lucachess49"]
[Result "0-1"]
[WhiteElo "2500"]
[BlackElo "2371"]
[TimeControl "180+1"]
[EndTime "11:56:39 PST"]
[Termination "lucachess49 won by checkmate"]

1. d4 Nf6 2. Bg5 c5 3. d5 Qb6 4.
Nc3 h6 5. Bd2 d6 6. e4 g6 7. f4 Bg7 8. Nf3 O-O 9. a4 Qb4 10.
Bd3 c4 11. Be2 a6 12. O-O Qc5+ 13. Kh1 Ng4 14. Qe1 Ne3 15. Bxe3 Qxe3 16. Bxc4 Qb6 17. Rb1 Nd7 18. Bd3 Nc5 19. b4 Nxd3 20. cxd3 Bd7 21. e5 Rac8 22. a5 Qc7 23. Ne4 dxe5 24. fxe5 Bb5 25.
Nc5 Rcd8 26. e6 f5 27. Nh4 Rf6 28. Rc1 Qb8 29. Qg3 Qxg3 30. hxg3 Rxd5 31. Nxb7 Rxe6 32. Rfe1 Rxe1+ 33. Rxe1 Kf7 34. Nc5 Bc3 35. Rb1 Bxb4 36. Nxa6 Bxa5 37. Nb4 Bxb4 38. Rxb4 Bxd3 39. g4 Be4 40.
gxf5 gxf5 41. Kh2 Kf6 42. Rb8 Kg5 43. g3 Rd2+ 44. Kg1 Kg4 45. Rg8+ Kh3 46. Kf1 Bd3+ 47.
Ke1 Re2+ 48. Kd1 Rf2 49. Rh8 Kxg3 50. Rxh6 Rh2 51. Rh7 Rxh4 52. Rxe7 Be4 53. Kd2 Rh2+ 54. Ke3 Rh4 55. Rg7+ Rg4 56. Rc7 Bg2 57. Rc1 f4+ 58.
Ke2 f3+ 59. Ke3 f2 60. Rc3 f1=Q 61. Kd2+ Kh2 62. Re3 Qf2+ 63. Re2 Rd4+ 64. Kc3 Qxe2 65. Kb3 Qd3+ 66. Ka2 Qc2+ 67. Ka3 Ra4# 0-1

[Event "*** Titled Tuesday Blitz"]
[Site "Chess.com"]
[Date "2021.02.09"]
[Round "10"]
[White "ChessFighter1975"]
[Black "tan275"]
[Result "0-1"]
[WhiteElo "2388"]
[BlackElo "2254"]
[TimeControl "180+1"]
[EndTime "11:56:42 PST"]
[Termination "tan275 won by checkmate"]

1. d4 d5 2. c4 dxc4 3. e3 Nf6 4. Bxc4 c5 5. Nf3 Nc6 6. O-O e6 7. Nc3 a6 8. dxc5 Qxd1 9. Rxd1 Bxc5 10. a3 b5 11. Nxb5 axb5 12. Bxb5 Bd7 13. Rxd7 Kxd7 14. Ne5+ Kc7 15. Nxc6 Kb6 16. a4 Rhc8 17. b4 Bd6 18. Nd4 Bxb4 19. Bb2 Ne4 20. f3 Nd6 21. Bd3 Nc4 22.
Bc1 Ka5 23. Nb3+ Kb6 24. Kf1 e5 25. Ke2 f6 26. g4 Rc7 27. e4 Rd8 28. Bxc4 Rxc4 29.
Be3+ Kb7 30. Ra2 Rdc8 31. Kd3 Rc3+ 32. Ke2 Rxb3 33. a5 Ka6 34. h4 Rcc3 35. Bd2 Rc4 36. Be3 Bc5 37. Bd2 Bb4 38. Be3 Rbc3 39. Ra4 Rc2+ 40.
Kd1 Kb5 41. Ra1 Ka6 42. Ra4 R2c3 43. Bf2 Rb3 44. Ra1 Bxa5 45. g5 Rb5 46. gxf6 gxf6 47.
Be3 Rcb4 48. h5 Rb1+ 49. Rxb1 Rxb1+ 50. Kc2 Rb6 51. f4 Rc6+ 52. Kd3 Kb5 53. fxe5 fxe5 54. Ke2 Bc7 55. Kf3 Rf6+ 56. Kg4 Kc4 57. Bg5 Rf7 58. h6 Kd3 59. Kh5 Kxe4 60. Bd8 Kf5 61. Bxc7 Rxc7 62. Kh4 e4 63. Kg3 e3 64. Kf3 Re7 65. Ke2 Kf4 66.
Ke1 Kf3 67. Kf1 Ra7 68. Ke1 Ra1# 0-1